Map: Blackpink LE

Players

Nice

  • Race: Protoss Protoss
  • Spawn Location: 1:00

uThermal - Winner!

  • Race: Terran Terran
  • Spawn Location: 7:00

Event: WESG 2017 Haikou

VOD

Have the link to the VOD?

Description

Time

  • Played on: March 13, 2018, 11:40 p.m.
  • Length: 9:17

All games in this series

Show
View Real Time Build Order
Export as new Build Order

Nice Protoss 

Build Orders:  

Get SALT Encoding   

  12  0:00  Probe  
  13  0:12  Probe  
  14  0:19  Pylon  
  14  0:25  Probe (Chrono Boost)  
  15  0:38  Probe (Chrono Boost)  
  15  0:39  Gateway  
  16  0:45  Probe (Chrono Boost)  
  16  0:48  Assimilator  
  17  0:52  Probe  
  18  0:59  Pylon  
  18  1:05  Probe  
  19  1:17  Gateway  
  19  1:22  Probe  
  20  1:28  Cybernetics Core  
  20  1:31  Zealot  
  22  1:39  Assimilator  
  22  1:50  Probe  
  22  1:51  Assimilator  
  23  2:03  Stalker x2 (Chrono Boost)  
  23  2:05  Probe  
  28  2:14  Pylon  
  28  2:15  Warp Gate  
  28  2:19  Probe  
  29  2:27  Stalker  
  31  2:42  Pylon  
  31  2:49  Stalker  
  33  2:57  Stalker  
  35  3:02  Shield Battery  
  35  3:04  Probe  
  36  3:25  Robotics Facility  
  36  3:50  Nexus  
  36  4:03  Probe  
  37  4:10  Twilight Council  
  37  4:13  Observer  
  37  4:14  Pylon  
  37  4:16  Probe (Chrono Boost)  
  40  4:25  Probe (Chrono Boost)  
  40  4:30  Probe (Chrono Boost)  
  40  4:35  Immortal  
  45  4:42  Probe  
  45  4:45  Charge (Chrono Boost)  
  44  4:57  Probe  
  45  5:02  Gateway  
  45  5:04  Gateway  
  45  5:07  Gateway  
  43  5:16  Warp Prism (Chrono Boost)  
  45  5:25  Adept  
  45  5:36  Pylon, Gateway  
  45  5:48  Adept  
  47  6:04  Pylon  
  46  6:09  Zealot x4  
  54  6:15  Pylon  
  54  6:20  Probe  
  55  6:30  Adept  
  56  6:35  Zealot x4  
  55  7:01  Zealot x4  
  55  7:02  Zealot  
  37  7:23  Immortal (Chrono Boost)  
  37  7:29  Zealot x3  
  47  7:30  Zealot x2  
  47  7:34  Pylon  
  39  7:52  Warp Prism (Chrono Boost)  
  39  7:56  Zealot x5  
  39  7:58  Probe x2  
  53  8:04  Pylon  
  51  8:10  Probe  
  52  8:20  Zealot  
  52  8:21  Zealot x4  
  62  8:42  Zealot x3  
  62  8:43  Zealot x2  
Show
View Real Time Build Order
Export as new Build Order

uThermal Terran - Winner!

Build Orders: Cyclone Opening, Reaper Expand 

Get SALT Encoding   

  12  0:01  SCV  
  13  0:13  SCV  
  14  0:17  Supply Depot  
  14  0:25  SCV  
  15  0:38  SCV  
  15  0:40  Barracks  
  16  0:45  Refinery  
  16  0:51  SCV  
  17  1:03  SCV  
  18  1:15  SCV  
  19  1:27  Orbital Command, Reaper  
  20  1:38  Command Center  
  20  1:45  Supply Depot  
  20  1:53  SCV  
  21  1:59  Marine  
  22  2:05  SCV  
  23  2:08  Factory  
  23  2:17  SCV  
  24  2:23  Barracks Reactor  
  24  2:26  Bunker  
  24  2:29  SCV  
  24  2:41  SCV  
  25  2:53  SCV  
  25  2:59  Cyclone  
  25  3:00  Marine x2, Command Center  
  25  3:05  Supply Depot  
  30  3:06  SCV  
  31  3:26  SCV, Marine x2  
  34  3:28  Supply Depot  
  34  3:32  Factory Tech Lab  
  34  3:38  SCV, Bunker  
  35  3:44  Marine x2  
  37  3:59  Siege Tank  
  37  4:02  Marine x2  
  42  4:04  SCV  
  42  4:06  Refinery  
  43  4:10  Supply Depot  
  43  4:13  Orbital Command  
  43  4:19  Marine  
  43  4:20  Marine  
  45  4:28  SCV  
  46  4:38  Marine  
  46  4:43  Siege Tank  
  46  4:44  Orbital Command  
  49  4:45  Marine  
  49  4:48  SCV, Engineering Bay  
  51  5:01  Marine  
  52  5:07  SCV  
  52  5:09  Starport  
  52  5:11  SCV  
  52  5:20  SCV  
  55  5:21  Siege Tank  
  55  5:23  SCV  
  55  5:28  Marine x2  
  57  5:32  SCV  
  58  5:35  SCV  
  59  5:43  Barracks  
  59  5:44  SCV  
  59  5:48  SCV, Barracks  
  59  5:49  Starport Tech Lab  
  61  5:50  Marine x2  
  61  5:56  SCV  
  64  6:00  SCV  
  64  6:03  Missile Turret  
  65  6:08  SCV, Terran Infantry Weapons Level 1  
  65  6:11  Factory Reactor  
  66  6:12  SCV  
  66  6:13  Refinery  
  66  6:16  Supply Depot  
  67  6:20  SCV  
  67  6:22  Starport Reactor  
  67  6:24  Marine x2  
  70  6:38  SCV x2  
  72  6:40  Marine  
  72  6:42  Marine x2  
  72  6:43  Marine  
  71  6:50  Widow Mine x2  
  75  6:54  Bunker  
  75  6:58  Marine  
  75  7:00  Marine x2  
  75  7:01  Marine  
  78  7:02  Combat Shields  
  78  7:03  Stimpack  
  78  7:05  Orbital Command  
  65  7:16  Marine  
  65  7:17  Marine  
  65  7:18  Marine x2  
  68  7:25  SCV  
  68  7:33  Marine  
  68  7:35  Marine x2, Widow Mine  
  68  7:36  SCV, Marine  
  75  7:39  Missile Turret  
  75  7:40  SCV  
  73  7:48  SCV  
  65  7:51  Marine  
  65  7:53  Marine x2  
  65  7:54  SCV, Marine  
  68  8:00  SCV  
  68  8:01  Widow Mine  
  71  8:06  Refinery  
  71  8:09  SCV  
  72  8:13  SCV, Marine  
  72  8:15  Supply Depot  
  74  8:20  Marine x2  
  74  8:21  SCV, Missile Turret  
  74  8:22  Marine  
  78  8:32  Supply Depot  
  78  8:37  SCV, Marine, Medivac x2  
  78  8:39  Supply Depot  
  78  8:41  SCV, Supply Depot  
  85  8:42  Marine  
  86  8:53  Marine  
  86  8:54  Widow Mine x2  
  86  8:55  Marine x2  
  93  8:56  Supply Depot  
Tags
 
Add a new tag
Caveats
  • Supply blocks, unpowered buildings, or Contaminate may cause inaccurate times.
  • Supply counts are checked every 10 seconds.